AoeStats
← Ux'RaúlME

Arabia

507626548Analyzed
1v1 RM · 14d ago on Sep 19, 2026· 33m 14s· 2 players
Game mode
Random Map
Map size
Tiny (2 player)
Population
200
Speed
Normal
Resources
Standard
Victory
Conquest
Starting age
Dark Age
Ending age
Imperial Age
RankedLock teamsTeams togetherTeam positionsShared explorationLock speedFull tech treeHidden civsTurbo modeCheats
Victory
Defeat
🇲🇽 Mongols · Mexico
1319
+15
🇺🇸 Franks · United States
1300
-15
Mr Tickles5
8:51 Feudal Age
7:08 Loom
9:39 Double-Bit Axe
21:23 Castle Age
19:36 Gold Mining
20:19 Scale Barding Armor
20:59 Forging
22:27 Chain Barding Armor
22:37 Bow Saw
26:09 Fletching
29:18 Sanctity
Ux'RaúlME
7:04 Loom
8:57 Feudal Age
10:04 Double-Bit Axe
11:52 Town Watch
13:25 Wheelbarrow
20:09 Castle Age
18:56 Bloodlines
18:42 Horse Collar
19:10 Gold Mining
19:50 Scale Barding Armor
20:36 Forging
24:11 Husbandry
27:44 Iron Casting
Connection lost

Rejoining the realm…

Still unreachable

The connection could not be restored.

Session expired

The server has moved on; the page needs a fresh start.